 Dungeon Crawl Stone Soup version 0.24.0-123-gd5b16e6ec5 (webtiles) character file.

Game seed: 15906707074608898646, levelgen mode: deterministic

3439 FishyPogo the Cutter (level 9, -9/65 HPs)
             Began as a Demonspawn Wizard on Jan 5, 2020.
             Was an Elder of Sif Muna.
             Splashed by Maurice's acid (12 damage)
             ... on level 9 of the Dungeon.
             The game lasted 00:44:04 (8456 turns).

FishyPogo the Cutter (Demonspawn Wizard)            Turns: 8456, Time: 00:44:04

Health: -9/65      AC:  0    Str:  8    XL:     9   Next: 77%
Magic:  0/16       EV: 13    Int: 23    God:    Sif Muna [****..]
Gold:   534        SH:  0    Dex: 13    Spells: 3/17 levels left

rFire    + . .     SeeInvis .   a - +4 short sword
rCold    + . .     Gourm    .   (no shield)
rNeg     . . .     Faith    +   e - +0 leather armour
rPois    .         Spirit   +   b - +1 hat
rElec    .         Reflect  .   z - scarf {rC+ rF+}
rCorr    .         Harm     .   (no gloves)
MR       .....                  (no boots)
Stlth    ++++......             g - amulet of faith
HPRegen  0.20/turn              y - ring of stealth
MPRegen  0.15/turn              i - ring of wizardry

@: corroded
A: talons 2, thin skeletal structure 1, nightstalker 1, magic shield
a: Channel Magic, Forget Spell, Divine Exegesis, Renounce Religion


You were on level 9 of the Dungeon.
You worshipped Sif Muna.
Sif Muna was greatly pleased with you.
You were not hungry.

You visited 2 branches of the dungeon, and saw 10 of its levels.
You also visited: Ossuary.

You collected 534 gold pieces.

Inventory:

Hand Weapons
 a - a +4 short sword (weapon)
Missiles
 f - 7 poisoned darts (quivered)
 l - 8 javelins
 q - 6 boomerangs
Armour
 b - a +1 hat (worn)
 e - a +0 leather armour (worn)
 k - a +0 buckler
 z - a scarf of resistance (worn)
Jewellery
 g - an amulet of faith (around neck)
 i - a ring of wizardry (right hand)
 n - an uncursed amulet of the gourmand
 y - a ring of stealth (left hand)
Wands
 h - a wand of digging (3)
 A - a wand of iceblast (13)
Scrolls
 c - 7 scrolls of remove curse
 t - 3 scrolls of teleportation
 u - a scroll of identify
Potions
 m - 2 potions of curing
 o - a potion of ambrosia
 p - a potion of might
 r - 3 potions of flight
 s - 2 potions of lignification
 v - 2 potions of heal wounds
 w - a potion of degeneration {unknown}
 x - 2 potions of brilliance {unknown}
Comestibles
 d - 11 rations
 j - 4 chunks of flesh


   Skills:
 * Level 4.3 Fighting
 + Level 7.1 Short Blades
 - Level 3.0 Armour
 - Level 4.0 Dodging
 + Level 2.9 Stealth
 + Level 2.8 Shields
 + Level 4.9 Spellcasting
 + Level 5.7 Conjurations
 - Level 3.0 Summonings
 - Level 0.8 Translocations
 - Level 2.0 Poison Magic


You had 3 spell levels left.
You knew the following spells:

 Your Spells              Type           Power        Failure   Level  Hunger
a - Magic Dart            Conj           ####         1%          1    None
c - Mephitic Cloud        Conj/Pois/Air  ###.....     6%          3    ##.....
j - Conjure Flame         Conj/Fire      ###.....     4%          3    ##.....
k - Blink                 Tloc           N/A          6%          2    None
n - Call Imp              Summ           ###.....     2%          2    None
x - Inner Flame           Hex/Fire       #.......     16%         3    ##.....

Your spell library contained the following spells:

 Spells                   Type           Power        Failure   Level  Hunger
 Corona                   Hex            #......      6%          1    None
 Slow                     Hex            #.......     9%          2    None
 Portal Projectile        Hex/Tloc       #.....       14%         3    ##.....
 Cause Fear               Hex            #.........   45%         4    ####...
 Leda's Liquefaction      Hex/Erth       #.........   45%         4    ####...


Dungeon Overview and Level Annotations

Branches:
Dungeon (9/15)             Temple (1/1) D:5         Ossuary (visited)
   Lair: D:8-11         Orc: D:9-12

Altars:
Ashenzari
Cheibriados
Dithmenos
Elyvilon
Fedhas
Gozag
Hepliaklqana
Kikubaaqudgha
Makhleb
Nemelex Xobeh
Okawaru
Qazlal
Ru
Sif Muna
Trog
Uskayaw
Vehumet
Wu Jian
Xom
Yredelemnul
Zin
The Shining One

Shops:
D:6 ?

Annotations:
D:7 2 runed translucent doors, 3 exclusions, elgenn's ghost, novice MiFi
D:8 exclusions: hydra and 3 more exclusions
D:9 Maurice


Innate Abilities, Weirdness & Mutations

You have razor-sharp toenails.
You have a somewhat thin skeletal structure. (Dex +2, Stealth)
You are slightly more attuned to the shadows.
When hurt, damage is shared between your health and your magic reserves.


Message History

Maurice barely misses you.
Casting: Call Imp (safe; 2% risk of failure)
Confirm with . or Enter, or press ? or * to list all spells.
A beastly little devil appears in a puff of frigid air.
Maurice hits you with a +0 dagger.
Maurice steals 1 of your 8 poisoned darts!
Your crimson imp blinks!
Casting: Call Imp (safe; 2% risk of failure)
Confirm with . or Enter, or press ? or * to list all spells.
A beastly little devil appears in a puff of frigid air.
Maurice tries to hide in the shadows.
Maurice zaps a wand.
The bolt of acid hits you! The acid corrodes you!
You are splashed with acid!
Your white imp hits Maurice.
Your white imp freezes Maurice.
You closely miss Maurice.
Maurice is heavily wounded.
Maurice zaps a wand.
The bolt of acid hits you!!
* * * LOW HITPOINT WARNING * * *
You are splashed with acid!
You die...

#.# #.# ##### #.# #.#
....# #.# #.# ....# #.#
#.# ....# ##+##### ###
##'# ....# .......# #..
#... ....# .......#
#.#######.#. ....##
......5#####.#†..#.....
......
..5..@@'..##.#.#.#.####
....##
....5..##..'...#.#...#.
....#
.......#####.###.###.#.
....# ########
#.<.#......) ....#
############ #####


You could see Maurice, a friendly crimson imp and 2 friendly white imps.

Vanquished Creatures
  A hippogriff (D:7)
  2 yaks (D:7)
  2 ice beasts
  A sky beast (D:9)
  An eye of draining (D:9)
  An ogre (D:6)
  A phantom (D:4)
  5 bullfrogs
  3 scorpions
  2 howler monkeys (D:5)
  A centaur zombie (Ossuary)
  3 crimson imps
  A bullfrog zombie (D:6)
  3 jellies
  4 hounds
  4 orc priests
  Crazy Yiuf (D:7)
  3 bullfrog skeletons
  2 iguanas
  3 orc wizards
  4 worker ants
  3 big kobold zombies (Ossuary)
  4 hound zombies
  A howler monkey zombie (D:6)
  2 worker ant zombies
  3 gnolls (D:4)
  9 adders
  4 shadow imps
  An ooze (D:1)
  3 adder zombies (Ossuary)
  3 adder skeletons
  2 worms
  4 dart slugs
  6 leopard geckos
  20 orcs
  7 giant cockroaches
  4 goblins
  5 hobgoblins
  24 jackals
  7 kobolds
  2 quokkas (D:3)
  5 ball pythons
  10 bats
  10 frilled lizards
  3 goblin zombies (Ossuary)
  4 hobgoblin zombies (Ossuary)
  2 jackal skeletons (D:5)
  3 jackal zombies (Ossuary)
  5 kobold zombies (Ossuary)
  A leopard gecko skeleton (D:4)
  3 orc zombies (Ossuary)
  6 quokka zombies
  2 rats (D:3)
  2 rat zombies (Ossuary)
218 creatures vanquished.

Vanquished Creatures (collateral kills)
  A yak (D:7)
  A hungry ghost (D:9)
  Duvessa (D:7)
  A phantom (D:6)
  2 sky beasts (D:7)
  An ogre (D:6)
  A centaur (D:9)
  Dowan (D:7)
  A scorpion (D:9)
  An orc priest (D:7)
  A worker ant (D:7)
  3 mummies (Ossuary)
  An adder (D:6)
  4 orcs
  A jackal (D:6)
21 creatures vanquished.

Grand Total: 239 creatures vanquished

Notes
Turn   | Place    | Note
-------+----------+-------------------------------------------
     0 | D:1      | FishyPogo the Demonspawn Wizard began the quest for the
                  | Orb.
     0 | D:1      | Reached XP level 1. HP: 13/13 MP: 4/4
   213 | D:1      | Gained mutation: You have sharp toenails. [demonic
                  | ancestry]
   213 | D:1      | Reached XP level 2. HP: 16/20 MP: 3/6
   429 | D:1      | Reached skill level 1 in Fighting
   575 | D:1      | Reached skill level 1 in Armour
   622 | D:1      | Reached XP level 3. HP: 26/26 MP: 0/7
   891 | D:2      | Learned a level 2 spell: Call Imp
   970 | D:2      | Found a bloodstained altar of Trog.
   983 | D:2      | Reached skill level 1 in Short Blades
  1029 | D:2      | Found a hazy altar of Hepliaklqana.
  1110 | D:2      | Gained mutation: When hurt, damage is shared between your
                  | health and your magic reserves. [demonic ancestry]
  1110 | D:2      | Reached XP level 4. HP: 25/33 MP: 0/8
  1379 | D:2      | Found a stormy altar of Qazlal.
  1996 | D:3      | Reached XP level 5. HP: 37/38 MP: 6/9
  1999 | D:3      | Reached skill level 2 in Short Blades
  2598 | D:4      | Gained mutation: You have razor-sharp toenails. [demonic
                  | ancestry]
  2598 | D:4      | Reached XP level 6. HP: 45/46 MP: 5/10
  2691 | D:4      | Reached skill level 3 in Short Blades
  2781 | D:4      | Found a shadowy altar of Dithmenos.
  2814 | D:4      | You fall into a shaft and drop 1 floor!
  2814 | D:5      | Entered Level 5 of the Dungeon
  2933 | D:5      | Found a staircase to the Ecumenical Temple.
  2943 | Temple   | Entered the Ecumenical Temple
  3034 | Temple   | Became a worshipper of Sif Muna the Loreminder
  3082 | D:5      | Noticed an ice beast
  3101 | D:5      | Killed an ice beast
  3157 | D:5      | Gained mutation: You have a somewhat thin skeletal
                  | structure. (Dex +2, Stealth) [demonic ancestry]
  3157 | D:5      | Reached XP level 7. HP: 26/52 MP: 4/11
  3231 | D:5      | Found a sand-covered staircase.
  3326 | D:5      | Found a basalt altar of Yredelemnul.
  3417 | Ossuary  | Entered an ossuary
  3522 | Ossuary  | Reached * piety under Sif Muna
  3631 | Ossuary  | Reached skill level 4 in Short Blades
  4129 | D:4      | Reached ** piety under Sif Muna
  4210 | D:4      | Learned a level 3 spell: Conjure Flame
  4214 | D:4      | Learned a level 3 spell: Mephitic Cloud
  4217 | D:4      | Learned a level 2 spell: Blink
  4245 | D:4      | Reached skill level 5 in Short Blades
  4536 | D:4      | Gained mutation: You are slightly more attuned to the
                  | shadows. [demonic ancestry]
  4536 | D:4      | Reached XP level 8. HP: 57/58 MP: 9/12
  5269 | D:6      | Reached skill level 1 in Poison Magic
  5551 | D:6      | Found a blossoming altar of Fedhas.
  5865 | D:6      | Found Novogeub's Magic Scroll Emporium.
  5958 | D:7      | Noticed Duvessa
  5964 | D:7      | Noticed Dowan
  6078 | D:7      | Reached skill level 6 in Short Blades
  6108 | D:7      | Reached skill level 1 in Shields
  6299 | D:7      | Reached *** piety under Sif Muna
  6331 | D:7      | Reached XP level 9. HP: 43/63 MP: 3/15
  6409 | D:7      | Noticed a brown ugly thing
  6570 | D:7      | Killed Duvessa
  6576 | D:7      | Killed Dowan
  6763 | D:7      | Reached skill level 5 in Conjurations
  6848 | D:7      | Found a runed translucent door.
  6849 | D:7      | Noticed Crazy Yiuf
  6860 | D:7      | Killed Crazy Yiuf
  7113 | D:7      | Found a large runed translucent door.
  7114 | D:7      | Found a large runed translucent door.
  7116 | D:7      | Noticed elgenn's ghost (novice MiFi)
  7602 | D:8      | Noticed a five-headed hydra
  8201 | D:9      | Reached **** piety under Sif Muna
  8209 | D:9      | Reached skill level 7 in Short Blades
  8391 | D:9      | Learned a level 3 spell: Inner Flame
  8449 | D:9      | Noticed Maurice
  8456 | D:9      | HP: 3/65 [Maurice/bolt of acid (17)]
  8456 | D:9      | Splashed by Maurice's acid

Levels and vault maps discovered:
D:1:      dpeg_arrival_shelter, layout_basic, hangedman_feature_mirror
D:2:      layout_loops_ring, lemuel_crystal_altar,
          nicolae_qazlal_eye_of_the_storm, bloody_trog, moated_statue
D:3:      layout_rooms
D:4:      layout_rooms, grunt_dithmenos_smoke_and_mirrors, first_ration,
          serial_bayou_pond_d
D:5:      minmay_skewed_foursquare, layout_loops_ring, old_standard_altar,
          minmay_temple_entry_stoned_glass,
          nicolae_ossuary_entry_false_entrances
D:6:      layout_rooms, fedhas_altar_3, serial_shops, kennysheep_little_box
D:7:      layout_basic, ebering_ghost_disaster_area, hangedman_misty_isle,
          uniq_duvessa, uniq_crazy_yiuf_cottage
D:8:      layout_rooms
D:9:      layout_roguey, david_lair_shrubbed, uniq_maurice
Temple:   lightli_temple_of_artemis

Skill      XL: |  1  2  3  4  5  6  7  8  9 |
---------------+----------------------------+-----
Stealth        | 2 |  2.9
Dodging        | 2 3 4 |  4.0
Fighting       | 1 2 3 4 |  4.3
Armour         | 1 2 3 |  3.0
Short Blades   | 1 2 3 5 6 7 |  7.1
Conjurations   | 2 4 5 |  5.7
Summonings     | 3 |  3.0
Poison Magic   | 2 |  2.0
Spellcasting   | 4 |  4.9
Shields        | 1 2 |  2.8
Translocations | |  0.8

Action                   |  1- 3 |  4- 6 |  7- 9 || total
-------------------------+-------+-------+-------++-------
Melee: Unarmed           |    28 |       |       ||    28
       Short sword       |    55 |   113 |   472 ||   640
       Kick              |     7 |    18 |   114 ||   139
Throw: Stone             |       |     6 |    41 ||    47
 Cast: Magic Dart        |    61 |    98 |   175 ||   334
       Call Imp          |     1 |     5 |    58 ||    64
       Mephitic Cloud    |       |       |     7 ||     7
       Blink             |       |       |     1 ||     1
Invok: Channel Magic     |       |       |     1 ||     1
  Use: Scroll            |       |     6 |     7 ||    13
       Potion            |       |     4 |       ||     4
 Stab: Distracted        |       |     1 |     1 ||     2
       Sleeping          |       |       |    14 ||    14
       Confused          |       |       |     3 ||     3
  Eat: Chunk             |     1 |    14 |    17 ||    32
       Ration            |       |       |     1 ||     1
Armor: Leather armour    |    25 |    30 |    84 ||   139
       Robe              |     2 |       |       ||     2
       Skin              |       |     8 |       ||     8
Dodge: Dodged            |    61 |    78 |   196 ||   335
